 Dungeon Crawl Stone Soup version 0.28.0-45-g0d030f2227 (webtiles) character file.

Game seed: 3751437415748937512

62 MisterFreud the Ruffian (level 3, -1/29 HPs)
             Began as a Draconian Transmuter on Apr 20, 2022.
             Killed from afar by an orc wizard (10 damage)
             ... with a magic dart
             ... on level 2 of the Dungeon.
             The game lasted 00:02:39 (2229 turns).

MisterFreud the Ruffian (Draconian Transmuter)      Turns: 2229, Time: 00:02:40

Health: -1/29      AC:  5    Str: 12    XL:     3   Next: 85%
Magic:  3/6        EV: 12    Int: 15    God:
Gold:   59         SH:  0    Dex: 11    Spells: 0/6 levels left

rFire   . . .      SeeInvis .     - Unarmed
rCold   . . .      Faith    .   (no shield)
rNeg    . . .      Spirit   .   (armour unavailable)
rPois   .          Reflect  .   (helmet restricted)
rElec   .          Harm     .   (no cloak)
rCorr   .          Rampage  .   (no gloves)
Will    .....                   (no boots)
Stlth   +.........              (no amulet)
HPRegen 0.09/turn               (no ring)
MPRegen 0.10/turn               (no ring)

@: confused
A: AC +5, unfitting armour, cold-blooded
a: no special abilities


You were on level 2 of the Dungeon.
You visited 1 branch of the dungeon, and saw 3 of its levels.

You collected 59 gold pieces.

Inventory:

Missiles
 c - 9 poisoned darts
Jewellery
 g - a ring of fire
Scrolls
 d - a scroll of holy word {unknown}
 e - a scroll of teleportation {unknown}
 f - 2 scrolls of torment {unknown}
 h - a scroll of fog {unknown}
 i - a scroll of acquirement {unknown}
 j - a scroll of identify {unknown}
Potions
 a - 2 potions of might {unknown}
 b - a potion of berserk rage {unknown}


   Skills:
 + Level 2.0 Fighting
 + Level 2.3 Dodging
 + Level 3.4 Unarmed Combat
 + Level 2.4 Spellcasting
 + Level 2.5 Transmutations


You couldn't memorise any spells.
You knew the following spells:

 Your Spells              Type           Power      Damage    Failure   Level
a - Beastly Appendage     Tmut           18%        N/A       8%          1
b - Wereblood             Tmut           9%         N/A       12%         2
c - Spider Form           Tmut/Pois      5%         N/A       36%         3

Your spell library contained the following spells:

 Spells                   Type           Power      Damage    Failure   Level
 Summon Small Mammal      Summ           4%         N/A       22%         1
 Ignite Poison            Fire/Tmut/Pois 4%         N/A       41%         3
 Call Canine Familiar     Summ           1%         N/A       54%         3
 Mephitic Cloud           Conj/Pois/Air  1%         N/A       54%         3
 Summon Guardian Golem    Hex/Summ       1%         N/A       54%         3
 Ice Form                 Ice/Tmut       5%         N/A       77%         4
 Freezing Cloud           Conj/Ice/Air   0%         6-21      99%         5


Dungeon Overview and Level Annotations

Branches:
Dungeon (3/15)

Altars:


Innate Abilities, Weirdness & Mutations

Your plain brown scales are hard. (AC +5)
You cannot fit into any form of body armour.
You are cold-blooded and may be slowed by cold attacks.


Message History

You hear some strange, mumbled words.
A puff of flame appears from out of thin air!
The puff of flame hits you!
You miss something. Something hits you but does no damage.
You barely miss something.
Your tail-slap misses something.
You hear some strange, mumbled words.
Something tries to affect you, but you resist.
You hit something.
Your tail-slap misses something.
Something hits you but does no damage.
You completely miss something. You closely miss something.
Your tail-slap misses something.
Something hits you but does no damage.
You closely miss something. Your punch misses something. Something hits you.
You miss something. Something hits you but does no damage.
You closely miss something. Something hits you but does no damage.
You closely miss something. Something hits you.
You closely miss something.
You hear some strange, mumbled words.
Something tries to affect you, but you resist.
You hit something but do no damage. You punch something.
Something hits you but does no damage.
You closely miss something.
Your tail-slap misses something.
Something hits you.
You miss something.
Your tail-slap misses something.
Something hits you.
You hit something.
Your tail-slap misses something.
Something hits you but does no damage.
You miss something. Something hits you.
You miss something. You miss something. Something hits you.
Your magical contamination has completely faded away.
You miss something. Something hits you.
* * * LOW HITPOINT WARNING * * *
An orc wizard appears from thin air!
Reactivating autopickup.
The orc wizard points at you and mumbles some strange words.
You are confused.
The orc wizard barely misses you.
The orc wizard gestures at you while chanting.
The magic dart hits you!
You die...

...##.# #.#........#
#####.#######.#####'##.#
#.............# #.##.#
#+###'#############.##.#
.......# #......)##.#
.......######+####..##.#
.......#............##.#
.......#............##.#
#'###'##........@.o....#
#.# #†##..............##
#(###.##..............#
#..##.##..............#
##.##.##..............#
#..#.##..............#
###.#.##..............#
# #...##............[.#
####.........####.....#


You could see an orc wizard.

Vanquished Creatures
  An adder (D:2)
  A worm (D:2)
  An orc (D:3)
  2 bats (D:3)
  2 endoplasms
  6 giant cockroaches
  4 jackals (D:2)
  6 kobolds
  7 ball pythons
  5 frilled lizards
  6 goblins
  7 rats
48 creatures vanquished.

Notes
Turn   | Place    | Note
-------+----------+-------------------------------------------
     0 | D:1      | MisterFreud the Draconian Transmuter began the quest for
                  | the Orb.
     0 | D:1      | Reached XP level 1. HP: 16/16 MP: 3/3
   507 | D:1      | Reached XP level 2. HP: 20/23 MP: 3/5
   510 | D:1      | Learned a level 2 spell: Wereblood
   898 | D:1      | Found a faded altar of an unknown god.
  1351 | D:2      | Reached XP level 3. HP: 26/29 MP: 4/6
  1355 | D:2      | Learned a level 3 spell: Spider Form
  2229 | D:2      | Killed from afar by an orc wizard

Illustrated notes

Levels and vault maps discovered:
D:1:      minmay_arrival_widening_spiral_wide, layout_basic,
          hellmonk_ecumenical_altar_lost_god
D:2:      layout_basic
D:3:      layout_loops_ring

Skill      XL: |  1  2  3 |
---------------+----------+-----
Dodging        | 2 |  2.3
Fighting       | 2 |  2.0
Unarmed Combat | |  3.4
Spellcasting   | |  2.4
Transmutations | |  2.5

Action                   || total
-------------------------++-------
Melee: Unarmed           ||   145
       Tailslap          ||     9
       Kick              ||    17
       Punch             ||     4
       Headbutt          ||     6
 Cast: Beastly Appendage ||    29
Armor: Skin              ||    59
Dodge: Dodged            ||    77
